 Dungeon Crawl Stone Soup version 0.31-a0-232-gb1c03b2570 (webtiles) character file.

Game seed: 11771818454969721364

30570 funkygono the Severer (level 13, -6/122 HPs)
             Began as a Minotaur Fighter on July 7, 2023.
             Was a High Priest of Okawaru.
             Mangled by a komodo dragon (11 damage)
             ... on level 4 of the Lair of Beasts.
             The game lasted 00:23:55 (13143 turns).

funkygono the Severer (Minotaur Fighter)           Turns: 13143, Time: 00:23:56

Health: -6/122     AC: 20    Str: 25    XL:     13   Next: 21%
Magic:  0/23       EV: 12    Int:  5    God:    Okawaru [*****.]
Gold:   926        SH: 14    Dex: 11    Spells: 12/12 levels left

rFire   . . .        a - +1 war axe (flame)
rCold   + + .        m - +1 kite shield {rC+}
rNeg    . . .        y - +0 chain mail {rC+}
rPois   .            (helmet restricted)
rElec   .            (no cloak)
rCorr   .            D - +1 pair of gloves
SInv    .            K - +1 pair of boots
Will    +....        F - amulet of guardian spirit
Stlth   +            i - ring of willpower
HPRegen 0.40/turn    x - ring of magical power
MPRegen 0.18/turn

%: guardian spirit
@: heroic
A: horns 2, retaliatory headbutt
a: Renounce Religion, Heroism, Finesse, Duel


You were on level 4 of the Lair of Beasts.
You worshipped Okawaru.
Okawaru was extremely pleased with you.
You visited 3 branches of the dungeon, and saw 13 of its levels.
You also visited: Sewer and Ice Cave.

You collected 926 gold pieces.

Inventory:

Hand Weapons
 a - a +1 war axe of flaming (weapon)
Missiles
 e - 121 stones (quivered)
 f - a throwing net
 g - 3 silver boomerangs
 n - 13 poisoned darts
 q - 6 boomerangs
 I - 6 silver javelins
 M - 11 javelins
Armour
 m - a +1 kite shield of cold resistance (worn)
 y - a +0 chain mail of cold resistance (worn)
 D - a +1 pair of gloves (worn)
 K - a +1 pair of boots (worn)
Jewellery
 h - a ring of resist corrosion
 i - a ring of willpower (left hand)
 o - a ring of protection from fire
 p - an amulet of reflection
 s - a ring of magical power
 x - a ring of magical power (right hand)
 A - an amulet of regeneration
 F - an amulet of guardian spirit (around neck)
Wands
 k - a wand of mindburst (10)
 J - a wand of roots (28)
 L - a wand of flame (26)
Scrolls
 j - a scroll of silence
 l - 2 scrolls of fog
 w - a scroll of amnesia
 B - a scroll of teleportation
 H - 2 scrolls of vulnerability
Potions
 b - 2 potions of cancellation
 d - 6 potions of might
 r - a potion of resistance
 t - 8 potions of heal wounds
 u - 2 potions of haste
 v - a potion of lignification {unknown}
 z - 4 potions of curing
 C - 3 potions of attraction
 E - a potion of ambrosia {unknown}
 G - a potion of mutation {unknown}
 N - a potion of brilliance
 P - a potion of enlightenment {unknown}


   Skills:
 + Level 13.3(18.3) Fighting
 + Level 16.6(21.6) Axes
 + Level 0.8(5.8) Throwing
 + Level 12.8(17.8) Armour
 + Level 4.1(9.1) Dodging
 + Level 2.2(7.2) Stealth
 + Level 10.3(15.3) Shields
 + Level 3.1 Invocations


You had 12 spell levels left.
You didn't know any spells.
Your spell library contained the following spells:

 Spells                   Type           Power      Damage    Failure   Level
 Kiss of Death            Conj/Necr      0%         2d5       92%         1
 Magic Dart               Conj           0%         1d3       92%         1
 Confusing Touch          Hex            0%         N/A       100%        3
 Mephitic Cloud           Conj/Pois/Air  0%         N/A       100%        3
 Ozocubu's Armour         Ice            0%         N/A       100%        3
 Portal Projectile        Hex/Tloc       0%         N/A       100%        3
 Stone Arrow              Conj/Erth      0%         3d7       100%        3
 Vhi's Electric Charge    Tloc/Air       0%         N/A       100%        3
 Dispel Undead            Necr           0%         3d6       100%        4
 Leda's Liquefaction      Hex/Erth       0%         N/A       100%        4
 Arcjolt                  Conj/Air       0%         1d10      100%        5
 Fireball                 Conj/Fire      0%         3d3       100%        5
 Iskenderun's Battlesphe  Conj           0%         2d6       100%        5
 Metabolic Englaciation   Hex/Ice        0%         N/A       100%        5
 Conjure Ball Lightning   Conj/Air       0%         3x3d6     100%        6
 Orb of Destruction       Conj           0%         9d5       100%        7
 Lehudib's Crystal Spear  Conj/Erth      0%         10d2      100%        8
 Maxwell's Capacitive Co  Air            0%         ∞         100%        8
 Summon Small Mammal      Summ           Unusable   N/A       N/A         1
 Call Imp                 Summ           Unusable   N/A       N/A         2
 Call Canine Familiar     Summ           Unusable   N/A       N/A         3
 Summon Guardian Golem    Hex/Summ       Unusable   N/A       N/A         3
 Animate Armour           Summ/Erth      Unusable   N/A       N/A         4
 Simulacrum               Ice/Necr       Unusable   N/A       N/A         6

Dungeon Overview and Level Annotations

Branches:
Dungeon (8/15)             Temple (1/1) D:4            Lair (4/5) D:8
  Swamp (0/4) Lair:3        Snake (0/4) Lair:3        Sewer (visited)
  IceCv (visited)
  Slime: Lair:4-5

Altars:
Ashenzari
Cheibriados
Dithmenos
Elyvilon
Fedhas
Gozag
Hepliaklqana
Nemelex Xobeh
Okawaru
Qazlal
Ru
Sif Muna
Trog
Uskayaw
Vehumet
Wu Jian
Xom
Yredelemnul
Zin
The Shining One

Shops:
D:3 *

Annotations:
D:3 1 runed translucent door, Anon1729's ghost, amateur MiMo
Lair:4 1 runed translucent door, t4s4d4r's ghost, journeyman KoGl


Innate Abilities, Weirdness & Mutations

You have a pair of horns on your head.
You reflexively headbutt those who attack you in melee.


Message History

The death yak gores you but does no damage.
The death yak closely misses you. You furiously retaliate!
You headbutt the death yak! You block the komodo dragon's attack.
You hit the death yak. You burn the death yak.
The death yak is heavily wounded.
You barely miss the death yak. You slice the komodo dragon!!
You burn the komodo dragon. You hit the death yak but do no damage.
The death yak gores you. You block the death yak's attack.
The death yak gores you. The komodo dragon bites you!
The blink frog blinks!
Unknown command.
You hit the death yak but do no damage.
The death yak is moderately wounded.
You closely miss the komodo dragon. You barely miss the death yak.
You hit the death yak but do no damage.
You hit the eight-headed hydra but do no damage.
The blink frog blinks!
The death yak gores you but does no damage.
The death yak gores you! The death yak gores you!!
* * * LOW HITPOINT WARNING * * *
The komodo dragon bites you!!
* * * LOW HITPOINT WARNING * * *
You hack one of the eight-headed hydra's heads off!
The flame cauterises the wound!
You slash the seven-headed hydra! You burn the seven-headed hydra.
The seven-headed hydra is moderately wounded.
You closely miss the komodo dragon. You hit the death yak.
You burn the death yak. You hit the death yak but do no damage.
You slash the death yak! You burn the death yak.
The seven-headed hydra closely misses you.
The seven-headed hydra bites you.
* * * LOW HITPOINT WARNING * * *
The seven-headed hydra bites you but does no damage.
You block the seven-headed hydra's attack.
The seven-headed hydra bites you.
* * * LOW HITPOINT WARNING * * *
You block the seven-headed hydra's attack.
The seven-headed hydra bites you but does no damage.
The blink frog blinks! x2; You block the death yak's attack.
The komodo dragon bites you!
You die...

..........#
#..#####.#.........#
..F................
...................
..........§.....†#
.F.............†.#
................†#
......lYD.......<#
.§...§Y@......F..##
>.....Y..$........#
##......P.........#
#...###.....P.##..#
##. #####....#†.# #.


$WkZ ###..#..# . ...Z. ##..... .Zk### #....) ..Z #..≈≈≈~ You could see 3 death
yaks, a seven-headed hydra, a komodo dragon, 3 blink frogs, a rime drake,
t4s4d4r's ghost, a black mamba simulacrum and a death yak simulacrum.

Vanquished Creatures
  A hydra (Lair:2)
  A two-headed ogre (D:7)
  6 death yaks (Lair:2)
  A skyshark (Lair:3)
  2 bog bodies (IceCv)
  A manticore (D:6)
  An oklob plant (Lair:2)
  An ugly thing (IceCv)
  10 elephants
  2 black mambas
  7 cane toads
  An ice statue (IceCv)
  Joseph (D:7)
  Maggie (Lair:2)
  3 komodo dragons
  A rime drake (Lair:1)
  3 polar bears
  4 blink frogs (Lair:1)
  28 yaks
  A dire elephant simulacrum (IceCv)
  2 shadows (D:6)
  6 wyverns
  2 basilisks
  4 death yak simulacra
  2 swamp worms (Lair:3)
  A harpy simulacrum (IceCv)
  2 nagas (Lair:3)
  A hydra simulacrum (IceCv)
  13 water moccasins
  3 centaurs
  27 wolves
  3 kobold brigands
  14 bullfrogs
  3 cane toad simulacra (IceCv)
  6 two-headed ogre simulacra (IceCv)
  3 scorpions
  3 wights
  An elephant simulacrum (Lair:3)
  A howler monkey (D:6)
  A jelly (D:6)
  4 hounds
  4 orc priests
  An iguana (D:6)
  A sleepcap (D:6)
  3 orc wizards
  8 hell rats (Lair:3)
  3 troll simulacra (IceCv)
  7 spriggan simulacra (IceCv)
  2 wolf simulacra
  5 polar bear simulacra (IceCv)
  12 adders
  4 naga simulacra (IceCv)
  3 gnolls (D:3)
  18 river rats (Lair:3)
  A shadow imp (D:6)
  14 white imps
  4 ufetubi (IceCv)
  2 dart slugs
  19 orcs
  5 ball pythons
  8 endoplasms
  6 giant cockroaches
  8 goblins
  6 hobgoblins
  23 kobolds
  12 quokkas
  4 bats
  10 frilled lizards
  12 rats
383 creatures vanquished.

Vanquished Creatures (others)
  An ufetubus (IceCv)
1 creature vanquished.

Grand Total: 384 creatures vanquished

Notes
Turn   | Place    | Note
-------+----------+-------------------------------------------
     0 | D:1      | funkygono the Minotaur Fighter began the quest for the Orb.
     0 | D:1      | Reached XP level 1. HP: 19/19 MP: 0/0
   463 | D:1      | Reached XP level 2. HP: 25/27 MP: 1/1
  1171 | D:2      | Reached XP level 3. HP: 27/33 MP: 2/2
  1318 | D:2      | Reached skill level 3 in Axes
  1350 | D:2      | Reached XP level 4. HP: 41/41 MP: 3/3
  2058 | D:3      | Reached skill level 4 in Axes
  2061 | D:3      | Reached XP level 5. HP: 7/47 MP: 4/4
  2067 | D:3      | Reached skill level 5 in Armour
  2289 | D:3      | Found Gozag's Platinum Reserve.
  2457 | D:3      | Found a stormy altar of Qazlal.
  2559 | D:3      | Found a glowing drain.
  2576 | Sewer    | Entered a sewer
  2658 | Sewer    | Reached skill level 5 in Axes
  2677 | Sewer    | Reached XP level 6. HP: 48/55 MP: 5/5
  2783 | Sewer    | Reached skill level 1 in Dodging
  2822 | Sewer    | Reached skill level 5 in Fighting
  2977 | D:3      | Found an opulent altar of Gozag.
  3095 | D:3      | Found a faded altar of an unknown god.
  3168 | D:3      | Found a runed translucent door.
  3168 | D:3      | Noticed Anon1729's ghost (amateur MiMo)
  3727 | D:4      | Found a staircase to the Ecumenical Temple.
  3754 | Temple   | Entered the Ecumenical Temple
  3973 | D:4      | Found a glowing golden altar of the Shining One.
  4328 | D:4      | Found a shimmering blue altar of Sif Muna.
  4474 | D:5      | Entered Level 5 of the Dungeon
  4493 | D:5      | Reached skill level 6 in Axes
  4498 | D:5      | Reached XP level 7. HP: 61/61 MP: 6/6
  4508 | D:5      | Identified the +0 leather armour of the Festooned God {rN+
                  | Str+4}
  4770 | D:5      | Found a shimmering altar of Xom.
  4773 | D:5      | Found a bloodstained altar of Trog.
  4782 | D:5      | Found a glowing silver altar of Zin.
  4994 | D:5      | Found a shadowy altar of Dithmenos.
  5002 | D:5      | Found a hide-covered altar of Uskayaw.
  5069 | D:6      | Found an iron altar of Okawaru.
  5073 | D:6      | Became a worshipper of Warmaster Okawaru
  5167 | D:6      | Found a snail-covered altar of Cheibriados.
  5190 | D:6      | Reached skill level 7 in Axes
  5303 | D:6      | Noticed a shadow
  5310 | D:6      | Killed a shadow
  5310 | D:6      | Reached * piety under Okawaru
  5311 | D:6      | Reached XP level 8. HP: 56/70 MP: 7/7
  5436 | D:6      | Noticed a manticore
  5447 | D:6      | Killed a manticore
  5447 | D:6      | Reached ** piety under Okawaru
  5448 | D:6      | Reached skill level 8 in Axes
  5496 | D:6      | Reached skill level 1 in Stealth
  5575 | D:6      | Reached skill level 9 in Axes
  5575 | D:6      | Reached skill level 5 in Shields
  5588 | D:6      | Reached XP level 9. HP: 44/79 MP: 8/8
  5978 | D:7      | Reached *** piety under Okawaru
  6190 | D:7      | Noticed Joseph
  6200 | D:7      | Killed Joseph
  6201 | D:7      | Reached skill level 10 in Axes
  6234 | D:7      | Identified the +3 scale mail of Trial and Error {rF+}
  6339 | D:7      | Found an ornate altar of the Wu Jian Council.
  6835 | D:8      | Noticed a two-headed ogre
  6835 | D:8      | Found Seonu's Book Shoppe.
  6846 | D:7      | Killed a two-headed ogre
  6846 | D:7      | Reached **** piety under Okawaru
  6847 | D:7      | Reached skill level 11 in Axes
  6885 | D:8      | Reached XP level 10. HP: 82/89 MP: 9/9
  6923 | D:8      | Found a sacrificial altar of Ru.
  6932 | D:8      | Found a staircase to the Lair.
  7016 | D:8      | Found a blossoming altar of Fedhas.
  7026 | D:8      | Received a gift from Okawaru
  7359 | Lair:1   | Entered Level 1 of the Lair of Beasts
  7376 | Lair:1   | Reached skill level 12 in Axes
  7490 | Lair:1   | Reached ***** piety under Okawaru
  7496 | Lair:1   | Reached skill level 10 in Armour
  7584 | Lair:1   | Reached skill level 10 in Fighting
  7616 | Lair:1   | Reached skill level 1 in Invocations
  7833 | Lair:1   | Reached XP level 11. HP: 72/101 MP: 10/10
  7873 | Lair:1   | Reached skill level 13 in Axes
  7900 | Lair:1   | Received a gift from Okawaru
  8333 | Lair:1   | Reached skill level 14 in Axes
  9122 | Lair:2   | Noticed a five-headed hydra
  9134 | Lair:2   | Killed a one-headed hydra
  9238 | Lair:2   | Noticed Maggie
  9254 | Lair:2   | Killed Maggie
  9485 | Lair:2   | Noticed an oklob plant
  9499 | Lair:2   | Killed an oklob plant
  9825 | Lair:2   | Noticed a death yak
  9825 | Lair:2   | Noticed a death yak
  9825 | Lair:2   | Noticed a death yak
  9826 | Lair:2   | Noticed a death yak
  9828 | Lair:2   | Noticed a death yak
  9840 | Lair:2   | Noticed a death yak
  9842 | Lair:2   | Reached skill level 15 in Axes
  9846 | Lair:2   | Reached XP level 12. HP: 107/111 MP: 12/12
  9856 | Lair:2   | Killed a death yak
  9864 | Lair:2   | Killed a death yak
  9870 | Lair:2   | Killed a death yak
  9878 | Lair:2   | Killed a death yak
  9886 | Lair:2   | Killed a death yak
  9891 | Lair:2   | Killed a death yak
 10842 | Lair:3   | Reached skill level 16 in Axes
 10941 | Lair:3   | Found a frozen archway.
 10966 | IceCv    | Entered an ice cave
 11345 | IceCv    | Identified the +5 ring mail of Goanouda {Dex+3}
 11825 | IceCv    | Reached XP level 13. HP: 82/119 MP: 14/14
 12320 | Lair:3   | Found a staircase to the Snake Pit.
 12367 | Lair:3   | Found a broken altar of Ashenzari.
 12497 | Lair:3   | Found a staircase to the Swamp.
 12509 | Lair:3   | Received a gift from Okawaru
 12799 | Lair:3   | Reached skill level 10 in Shields
 13119 | Lair:4   | Found a runed translucent gate.
 13138 | Lair:4   | Noticed t4s4d4r's ghost (journeyman KoGl)
 13143 | Lair:4   | HP: 5/122 [seven-headed hydra (4)]
 13143 | Lair:4   | Mangled by a komodo dragon

Illustrated notes

Levels and vault maps discovered:
D:1:      roderic_octagonal_star, layout_basic, serial_corexii_hall,
          chequers_hall_statues_y, chequers_hall_statues_y
D:2:      layout_basic, serial_forest, infiniplex_forest_lined_room_,
          infiniplex_forest_lined_1, infiniplex_forest_lined_3,
          infiniplex_forest_end_2, infiniplex_forest_straight_2,
          infiniplex_forest_straight_3, infiniplex_forest_straight_4
D:3:      layout_loops_ring, nicolae_gozag_zags_fifth_avenue,
          mainiacjoe_overflow_six_doors_small, gammafunk_ghost_grave,
          hellmonk_ecumenical_altar_inner_sanctum, gup_sewer_entry_pipe
D:4:      layout_loops_corners, lemuel_blue_sif_altar,
          mainiacjoe_overflow_concentric_impassable, minmay_temple_entry_wispy
D:5:      layout_rooms, gammafunk_temple_overflow_forgotten,
          mainiacjoe_overflow_big_doors, st_stairs_2
D:6:      layout_basic, mainiacjoe_overflow_boulevard, okawaru_gym_becter,
          minmay_three_doors
D:7:      layout_gridville, pdpol_wu_jian_five_deadly_venoms, uniq_joseph
D:8:      layout_cave_pools, overflow_temple_1_default, fedhas_altar_3,
          lair_entry_dummy, serial_shops, nicolae_shop_advertising_works
          [nicolae_subvault_shop_adworks]
Temple:   nicolae_temple_stand_before_the_council
Lair:1:   layout_regular_city
Lair:2:   layout_regular_city, minmay_hedge_maze, grunt_megastairs_1,
          uniq_maggie
Lair:3:   lemuel_ratsnest, layout_big_grid, minmay_swamp_entry_worms,
          guppyfry_snake_entry_garden, portal_ice_cave_entry_ice_simulacra,
          basic_altar, lemuel_fruit_tree
Lair:4:   lemuel_reptile_caves, layout_small_grid, gammafunk_ghost_icy,
          lemuel_fruit_fields

Skill      XL: |  1  2  3  4  5  6  7  8  9 10 11 12 13 |
---------------+----------------------------------------+-----
Armour         | 4 5 6 7 9 10 11 12 | 12.8
Fighting       | 4 5 6 7 8 10 11 12 13 | 13.3
Axes           | 3 4 5 6 7 9 11 12 15 16 | 16.6
Shields        | 4 5 6 8 9 10 | 10.3
Dodging        | 1 2 3 4 |  4.1
Stealth        | 1 2 |  2.2
Invocations    | 1 2 3 |  3.1
Throwing       | |  0.8

Action                     |  1- 3 |  4- 6 |  7- 9 | 10-12 | 13-15 || total
---------------------------+-------+-------+-------+-------+-------++-------
  Melee: War axe           |    64 |   201 |   131 |   509 |   148 ||  1053
         Headbutt          |     9 |    35 |    28 |   118 |    33 ||   223
  Throw: Stone             |       |       |       |    15 |       ||    15
 Invoke: Heroism           |       |       |       |    24 |     4 ||    28
    Use: Potion            |       |     2 |       |     1 |       ||     3
         Scroll            |       |       |    18 |       |     3 ||    21
 Armour: Scale mail        |    40 |    14 |       |       |       ||    54
         Chain mail        |       |    68 |    59 |   165 |    35 ||   327
  Dodge: Dodged            |    35 |    63 |    80 |   184 |    48 ||   410
  Block: Buckler           |    13 |    33 |    25 |    34 |       ||   105
         Kite shield       |       |       |       |   175 |    83 ||   258

Table legend: (Time is in decaauts)
 A = Elapsed time spent in this place.
 B = Non-inter-level travel time spent in this place.
 C = Inter-level travel time spent in this place.
 D = Time resting spent in this place.
 E = Time spent auto-exploring this place.
 F = Levels seen in this place.
 G = Mean time per level.
                   A        B        C        D        E       F      G
               +--------+--------+--------+--------+--------+-----+--------+
         Total |  13155 |  12879 |    276 |    481 |   9764 |  15 |  877.0 |
       Dungeon |   7114 |   6911 |    203 |    267 |   5325 |   8 |  889.2 |
        Temple |     23 |     13 |     10 |      0 |     11 |   1 |   23.0 |
          Lair |   4464 |   4402 |     62 |    169 |   3328 |   4 | 1116.0 |
         Sewer |    348 |    348 |      0 |      0 |    214 |   1 |  348.0 |
      Ice Cave |   1205 |   1205 |      0 |     45 |    885 |   1 | 1205.0 |
               +--------+--------+--------+--------+--------+-----+--------+

Top non-repeatable levels by time:
  Lair:2: 1899 daAuts
  Lair:1: 1510 daAuts
     D:3: 1284 daAuts
   IceCv: 1205 daAuts
     D:1: 1175 daAuts
  Lair:3: 971 daAuts
     D:7: 917 daAuts
     D:2: 915 daAuts
     D:6: 899 daAuts
     D:4: 841 daAuts
     D:5: 598 daAuts
     D:8: 482 daAuts
   Sewer: 348 daAuts
  Lair:4: 83 daAuts
  Temple: 23 daAuts
